 Dungeon Crawl Stone Soup version 0.25.1-2-g60ff931df9 (webtiles) character file.

Game seed: 15035971304903271122

398 Borneo the Skirmisher (level 6, 0/48 HPs)
             Began as a Demonspawn Abyssal Knight on Oct 28, 2020.
             Was a Believer of Lugonu.
             Slain by a centaur (2 damage)
             ... on level 5 of the Dungeon.
             The game lasted 00:17:19 (6356 turns).

Borneo the Skirmisher (Demonspawn Abyssal Knight)   Turns: 6356, Time: 00:17:19

Health: 0/48       AC:  9    Str: 14    XL:     6   Next: 53%
Magic:  0/7        EV:  7    Int: 13    God:    Lugonu [**....]
Gold:   272        SH:  0    Dex: 13    Spells: 5/5 levels left

rFire    . . .     SeeInvis .   a - +1 mace
rCold    . . .     Gourm    .   (no shield)
rNeg     . . .     Faith    .   f - +0 chain mail
rPois    .         Spirit   +   (helmet restricted)
rElec    .         Reflect  .   (no cloak)
rCorr    .         Harm     .   (no gloves)
MR       .....                  (no boots)
Stlth    ..........             (no amulet)
HPRegen  0.16/turn              n - ring of flight
MPRegen  0.10/turn              (no ring)

@: no status effects
A: horns 1, magic shield, rot immunity
a: Depart the Abyss, Bend Space, Renounce Religion, Evoke Flight


You were on level 5 of the Dungeon.
You worshipped Lugonu.
Lugonu was pleased with you.
You were not hungry.

You visited 1 branch of the dungeon, and saw 5 of its levels.
You visited the Abyss 1 time.

You collected 272 gold pieces.

Inventory:

Hand Weapons
 a - a +1 mace (weapon)
 p - a cursed +0 morningstar
Armour
 b - a +0 leather armour
 f - a +0 chain mail (worn)
Jewellery
 e - a +4 ring of slaying
 l - a +4 ring of protection {unknown}
 n - a ring of flight (left hand)
 q - an uncursed ring of poison resistance {unknown}
Wands
 t - a wand of iceblast (6)
Scrolls
 g - 2 scrolls of identify
Potions
 d - 2 potions of flight
 h - a potion of stabbing {unknown}
 i - a potion of brilliance {unknown}
 j - 2 potions of curing
 k - a potion of ambrosia {unknown}
 m - 2 potions of haste {unknown}
 o - a potion of lignification {unknown}
Comestibles
 c - 14 rations
 r - 3 chunks of flesh


   Skills:
 + Level 4.3 Fighting
 + Level 4.2 Maces & Flails
 + Level 3.4 Armour
 + Level 2.1 Dodging
 + Level 0.6 Stealth
 + Level 2.5 Invocations


You had 5 spell levels left.
You didn't know any spells.
Your spell library was empty.

Dungeon Overview and Level Annotations

Branches:
Dungeon (5/15)
 Temple: D:4-7

Altars:
Hepliaklqana
Makhleb
Trog
Uskayaw
Xom


Innate Abilities, Weirdness & Mutations

You have a pair of small horns on your head.
When hurt, damage is shared between your health and your magic reserves.
You are immune to rotting.


Message History

The centaur hits you. The centaur hits you!
* * * LOW HITPOINT WARNING * * *
You closely miss the centaur.
You headbutt the centaur, but do no damage.
The centaur is moderately wounded.
The centaur hits you.
* * * LOW HITPOINT WARNING * * *
You closely miss the centaur.
The centaur is moderately wounded.
The centaur hits you but does no damage.
The centaur barely misses you.
You hit the centaur. You headbutt the centaur.
The centaur is severely wounded.
The centaur hits you.
* * * LOW HITPOINT WARNING * * *
The centaur hits you.
* * * LOW HITPOINT WARNING * * *
As you read the scroll of fog, it crumbles to dust.
The scroll dissolves into smoke.
The centaur hits you.
You die...

#########
#......§#
#..§§c§§#
#...§@§.# #.
#...§§§§#
#.##.#...§(%.#
#...........>#
.....#....(..#
#.## #.###(###
#.# #.###.#
#.####.#...#
#........#.......


You could see a centaur.

Vanquished Creatures
  2 scorpions
  A crimson imp (D:3)
  2 hounds (D:4)
  An orc priest (D:3)
  4 gnolls (D:4)
  5 adders
  An ooze (D:3)
  A worm (D:2)
  2 dart slugs
  4 leopard geckos
  8 orcs
  4 bats
  4 giant cockroaches
  2 goblins
  9 hobgoblins
  7 jackals
  4 kobolds
  3 quokkas
  3 ball pythons
  A ball python skeleton (D:4)
  5 frilled lizards
  8 rats
81 creatures vanquished.

Vanquished Creatures (others)
  2 iguanas (D:4)
  An orc wizard (D:3)
  An adder (D:4)
  A dart slug (D:4)
  2 orcs (D:3)
  A bat (D:3)
  A goblin (D:3)
9 creatures vanquished.

Grand Total: 90 creatures vanquished

Notes
Turn   | Place    | Note
-------+----------+-------------------------------------------
     0 | Abyss:1  | Borneo the Demonspawn Abyssal Knight began the quest for
                  | the Orb.
     0 | Abyss:1  | Reached XP level 1. HP: 18/18 MP: 2/2
     0 | D:1      | Escaped the Abyss
   670 | D:1      | Gained mutation: You are immune to rotting. [demonic
                  | ancestry]
   670 | D:1      | Reached XP level 2. HP: 22/24 MP: 3/3
   672 | D:1      | Reached * piety under Lugonu
  1381 | D:1      | Reached skill level 1 in Dodging
  1959 | D:2      | Gained mutation: When hurt, damage is shared between your
                  | health and your magic reserves. [demonic ancestry]
  1959 | D:2      | Reached XP level 3. HP: 24/29 MP: 4/4
  2990 | D:2      | Found a faded altar of an unknown god.
  2990 | D:2      | Found a hide-covered altar of Uskayaw.
  2996 | D:2      | Found a bloodstained altar of Trog.
  2998 | D:2      | Found a faded altar of an unknown god.
  2999 | D:2      | Found a hazy altar of Hepliaklqana.
  3174 | D:2      | Gained mutation: You have a pair of small horns on your
                  | head. [demonic ancestry]
  3174 | D:2      | Reached XP level 4. HP: 19/37 MP: 3/5
  3637 | D:3      | Found a burning altar of Makhleb.
  3638 | D:3      | Found a shimmering altar of Xom.
  3669 | D:3      | Paralysed by a crimson imp for 7 turns
  4329 | D:3      | Reached XP level 5. HP: 40/42 MP: 6/6
  5037 | D:4      | Reached ** piety under Lugonu
  5376 | D:4      | Found a shimmering altar of Xom.
  5431 | D:4      | Reached XP level 6. HP: 47/48 MP: 5/7
  5658 | D:4      | HP: 2/48 [gnoll/+0 halberd (11)]
  6023 | D:5      | Entered Level 5 of the Dungeon
  6355 | D:5      | HP: 2/48 [centaur (5)]
  6356 | D:5      | Slain by a centaur

Illustrated notes

Levels and vault maps discovered:
D:1:      sevenhm_arrival_forest_fort_large_2, layout_basic,
          minmay_misc_feat_ornament
D:2:      layout_basic, chequers_temple_overflow_minitemple
D:3:      layout_loops_ring, grunt_temple_overflow_champion_of_chaos,
          first_ration, lemuel_flame_loot_1
D:4:      minmay_general_purpose_star, layout_rooms, xom_confusion_cloud
D:5:      layout_loops_cross, uniq_eustachio

Skill      XL: |  1  2  3  4  5  6 |
---------------+-------------------+-----
Maces & Flails | 2 3 4 |  4.2
Armour         | 2 3 |  3.4
Dodging        | 1 2 |  2.1
Fighting       | 4 |  4.3
Stealth        | |  0.6
Invocations    | |  2.5

Action                   |  1- 3 |  4- 6 || total
-------------------------+-------+-------++-------
Melee: Mace              |   159 |   185 ||   344
       Headbutt          |       |    25 ||    25
Invok: Depart the Abyss  |     1 |       ||     1
  Use: Scroll            |       |    11 ||    11
       Potion            |       |     4 ||     4
  Eat: Chunk             |     7 |     7 ||    14
       Ration            |       |     1 ||     1
Armor: Leather armour    |    60 |       ||    60
       Chain mail        |       |   106 ||   106
Dodge: Dodged            |   114 |    64 ||   178
